cohdb
Replays
Latest Replays
All Replays
Popular Replays
Top Player Replays
Match Explorer
How It Works
Community
CoH3 Stats
Reddit
Sign in to upload your games and track your stats! →
Sign in with Steam
Match 45835910
Unlisted
Match 45835910
Overview
Messages
Build Orders
End
Scout Squad
Construct Barracks
Selects Armored Battlegroup
Selects Veteran Crews
1⁄4-ton 4x4 Truck
1⁄4-ton 4x4 Truck
Riflemen Squad
Riflemen Squad
Riflemen Squad
Infantry Support Center
Selects M31 Recovery Vehicle
M1918 Browning Automatic Rifles
Construct Motor Pool
Grenade Package
M24 Chaffee Light Tank
Engineer Squad
Selects War Machine
M1 Anti-tank Gun Team
Engineer Squad
Construct Tank Depot
M1 Anti-tank Gun Team
Selects Strength in Steel
Selects Seek and Destroy
Selects UNKNOWN (2160077)
M4A3E8 Sherman Easy Eight
KappaPolice
As Kar Toligniew
DavidKartveli
bigcheese
0
0
Comments
sign in to comment!
No comments posted yet!